 Dungeon Crawl Stone Soup version 0.30.0-16-gbe6223bb7e (webtiles) character file.

Game seed: 6803659655192886291

22 minhee2137 the Conjurer (level 2, 0/18 HPs)
             Began as a Demigod Conjurer on May 21, 2023.
             Slain by a quokka (1 damage)
             ... on level 1 of the Dungeon.
             The game lasted 00:04:00 (625 turns).

minhee2137 the Conjurer (Demigod Conjurer)           Turns: 625, Time: 00:04:01

Health: 0/18       AC:  2    Str:  6 (8)  XL:     2   Next: 51%
Magic:  13/16      EV: 12    Int: 20      God:
Gold:   42         SH:  0    Dex: 18      Spells: 3/4 levels left

rFire   . . .        d - +0 dagger
rCold   . . .        (no shield)
rNeg    . . .        a - +0 robe
rPois   .            (no helmet)
rElec   .            (no cloak)
rCorr   .            (no gloves)
SInv    .            (no boots)
Will    .....        (no amulet)
Stlth   ++           e - +6 ring of dexterity
HPRegen 0.23/turn    f - ring of magical power
MPRegen 0.15/turn

%: no passive effects
@: no status effects
A: high MP 1, forlorn, divine attributes, deterioration 1, frail 1, wild magic 1
a: no special abilities


You were on level 1 of the Dungeon.
You visited 1 branch of the dungeon, and saw 1 of its levels.

You collected 42 gold pieces.

Inventory:

Hand Weapons
 d - a +0 dagger (weapon)
Missiles
 c - 4 silver javelins
Armour
 a - a +0 robe (worn)
Jewellery
 e - a +6 ring of dexterity (left hand)
 f - a ring of magical power (right hand)
Potions
 b - a potion of magic
 g - a potion of curing


   Skills:
 + Level 0.1 Fighting
 + Level 2.2 Dodging
 + Level 1.8 Stealth
 + Level 1.8 Spellcasting
 + Level 4.0 Conjurations


You had 3 spell levels left.
You knew the following spells:

 Your Spells              Type           Power      Damage    Failure   Level
a - Magic Dart            Conj           92%        1d7       5%          1

Your spell library contained the following spells:

 Spells                   Type           Power      Damage    Failure   Level
 Searing Ray              Conj           46%        2d6       8%          2
 Dazzling Flash           Conj/Hex       26%        N/A       28%         3
 Fulminant Prism          Conj/Hex       6%         3d6       65%         4
 Iskenderun's Mystic Bla  Conj/Tloc      13%        2d5       65%         4


Dungeon Overview and Level Annotations

Branches:
Dungeon (1/15)

Shops:
D:1 =(


Innate Abilities, Weirdness & Mutations

You have an increased reservoir of magic. (+10% MP)
You shall have no god before yourself.
Your divine heritage dramatically boosts your attributes as you level up.
Your body sometimes deteriorates upon taking damage.
You are frail. (-10% HP)
Your spells are a little harder to cast, but a little more powerful.


Message History

You kill the bat!
You see here a bat corpse.
A rat comes into view.
You hit the rat.
The rat is severely wounded.
The rat bites you but does no damage.
You hit the rat.
You kill the rat!
You see here a rat corpse.
A quokka comes into view.
Found a robe.
The quokka bites you. The quokka attacks as you move away!
The quokka bites you. The quokka misses you.
The quokka attacks as you move away! The quokka closely misses you.
Aiming: Magic Dart (safe; 5% risk of failure)
Press: ? - help, Q - select action, (/) - cycle Shift-Dir - straight line, f - quokka
Aim: a quokka (100% to hit)
The magic dart hits the quokka but does no damage.
The quokka bites you.
Unknown command.
Aiming: Magic Dart (safe; 5% risk of failure)
Press: ? - help, Q - select action, (/) - cycle Shift-Dir - straight line, f/p - quokka
Aim: a quokka (100% to hit)
The magic dart hits the quokka.
The quokka is moderately wounded.
The quokka bites you.
* * * LOW HITPOINT WARNING * * *
The quokka attacks as you move away! The quokka closely misses you.
Aiming: Magic Dart (safe; 5% risk of failure)
Press: ? - help, Q - select action, (/) - cycle Shift-Dir - straight line, f/p - quokka
Aim: a quokka (moderately wounded, 100% to hit)
The magic dart hits the quokka.
The quokka is severely wounded.
The quokka bites you.
* * * LOW HITPOINT WARNING * * *
The quokka bites you.
* * * LOW HITPOINT WARNING * * *
The quokka attacks as you move away! The quokka bites you.
You die...

#.#
#.##.##.#.#.#
..# # #......#.#
...
#..#.###.#####
....
....#.#.......#
#.##
.....#.#.#.###.#
.....#.#.#...#
.... #.# #...#
#r..# #@..#
#..[# #...#
#..... #.#.###
..#.# ###.# .#


You could see a quokka.

Vanquished Creatures
  A dart slug (D:1)
  An endoplasm (D:1)
  2 giant cockroaches (D:1)
  A goblin (D:1)
  4 hobgoblins (D:1)
  A kobold (D:1)
  A quokka (D:1)
  4 bats (D:1)
  2 frilled lizards (D:1)
  A rat (D:1)
18 creatures vanquished.

Notes
Turn   | Place    | Note
-------+----------+-------------------------------------------
     0 | D:1      | minhee2137 the Demigod Conjurer began the quest for the
                  | Orb.
     0 | D:1      | Reached XP level 1. HP: 14/14 MP: 5/5
   140 | D:1      | Gained mutation: Your body sometimes deteriorates upon
                  | taking damage. [potion of mutation]
   140 | D:1      | Gained mutation: You are frail. (-10% HP) [potion of
                  | mutation]
   140 | D:1      | Gained mutation: Your spells are a little harder to cast,
                  | but a little more powerful. [potion of mutation]
   191 | D:1      | Found Jenn's Jewellery Emporium.
   228 | D:1      | Reached XP level 2. HP: 15/18 MP: 1/7
   246 | D:1      | Found Kothaf's Antique Weapon Shoppe.
   275 | D:1      | Reached skill level 4 in Conjurations
   625 | D:1      | Slain by a quokka

Illustrated notes

Levels and vault maps discovered:
D:1:      eino_arrival_cavern_d, layout_basic, serial_shops, shop,
          nicolae_shop_real_fake_doors, serial_bayou_crossing

Skill      XL: |  1  2 |
---------------+-------+-----
Dodging        | 2 |  2.2
Conjurations   | 4 |  4.0
Fighting       | |  0.1
Stealth        | |  1.8
Spellcasting   | |  1.8

Action                     || total
---------------------------++-------
  Melee: Unarmed           ||    21
         Dagger            ||    37
         Punch             ||     1
   Cast: Magic Dart        ||    30
    Use: Potion            ||     3
         Scroll            ||     3
 Armour: Robe              ||    33
  Dodge: Dodged            ||    82
